[Event "Rated Blitz game"]
[Site "?"]
[Date "2021.06.24"]
[Round "?"]
[White "Tinopov"]
[Black "Voorzitter-HMC"]
[Result "0-1"]
[ECO "C42"]
[WhiteElo "2488"]
[BlackElo "2590"]
[PlyCount "64"]
[EventDate "2021.??.??"]
[EventType "blitz"]
[TimeControl "180"]

1. e4 e5 2. Nf3 Nf6 3. Nxe5 d6 4. Nxf7 Kxf7 5. d4 c5 6. Bc4+ d5 7. exd5 b5 8.
Bxb5 Qxd5 9. O-O Bb7 10. f3 Qxd4+ 11. Qxd4 cxd4 12. Bc4+ Bd5 13. Bd3 Nc6 14. c4
dxc3 15. Nxc3 Bc5+ 16. Kh1 Ne5 17. Nxd5 Nxd3 18. Nxf6 Kxf6 19. b3 Rhe8 20. h4
Re2 21. Bg5+ Kg6 22. f4 Kf5 23. Kh2 h6 24. Kh3 hxg5 25. fxg5+ Nf2+ 26. Kg3 Rd8
27. Kf3 Rc2 28. g4+ Kg6 29. Kf4 Rd3 30. h5+ Kf7 31. g6+ Kf6 32. Rae1 Bd6+ {
Normal} 0-1

[Event "Rated Blitz game"]
[Site "?"]
[Date "2021.06.24"]
[Round "?"]
[White "Doubleb17"]
[Black "SuperDonald"]
[Result "1/2-1/2"]
[ECO "C42"]
[WhiteElo "2486"]
[BlackElo "2448"]
[PlyCount "109"]
[EventDate "2021.??.??"]
[EventType "blitz"]
[TimeControl "180"]

1. e4 e5 2. Nf3 Nf6 3. Nxe5 d6 4. Nxf7 Kxf7 5. Nc3 c5 6. d4 cxd4 7. Qxd4 Nc6 8.
Bc4+ d5 9. Bxd5+ Nxd5 10. Qxd5+ Qxd5 11. Nxd5 Be6 12. Be3 Nb4 13. Nxb4 Bxb4+
14. c3 Be7 15. f3 Rhd8 16. Kf2 Rac8 17. f4 Bc5 18. f5 Rd2+ 19. Kf3 Bxe3 20.
Kxe3 Rxb2 21. fxe6+ Kxe6 22. Kd3 Rxg2 23. Rhg1 Rxg1 24. Rxg1 g6 25. h4 Rc5 26.
Rg5 Rc6 27. h5 Kf6 28. Rd5 gxh5 29. Rxh5 Kg6 30. Rd5 h5 31. Rd7 Rb6 32. Kd4 h4
33. Rd8 Kg5 34. e5 Rh6 35. Ke4 h3 36. Rg8+ Kh4 37. Rg1 h2 38. Rh1 Kg3 39. Kd5
Kg2 40. Re1 h1=Q 41. Rxh1 Kxh1 42. e6 Kg2 43. e7 Rh8 44. Kd6 Kf3 45. Kd7 Ke4
46. e8=Q+ Rxe8 47. Kxe8 Kd3 48. Kd7 Kxc3 49. Kc7 b5 50. Kc6 b4 51. Kb5 Kb2 52.
Kxb4 Kxa2 53. Ka5 Kb3 54. Ka6 Ka3 55. Kxa7 {Normal} 1/2-1/2

[Event "Rated Blitz game"]
[Site "?"]
[Date "2021.06.24"]
[Round "?"]
[White "Soorajmr"]
[Black "owuboy"]
[Result "1-0"]
[ECO "C42"]
[WhiteElo "2457"]
[BlackElo "2429"]
[PlyCount "85"]
[EventDate "2021.??.??"]
[EventType "blitz"]
[TimeControl "180"]

1. e4 e5 2. Nf3 Nf6 3. Nxe5 d6 4. Nxf7 Kxf7 5. Bc4+ d5 6. exd5 Bd6 7. O-O Rf8
8. h3 Kg8 9. Bb3 Nbd7 10. d4 Re8 11. c4 Kh8 12. Nc3 b6 13. Bg5 Nf8 14. Qd3 Bd7
15. Rfe1 h6 16. Bh4 N8h7 17. Bc2 Rf8 18. a3 a5 19. Re2 g5 20. Bg3 Bxg3 21. fxg3
Re8 22. Rae1 Rxe2 23. Rxe2 Qf8 24. g4 Re8 25. Rxe8 Qxe8 26. c5 Qe1+ 27. Kh2 Qc1
28. Ne2 Qxb2 29. c6 Be8 30. d6 cxd6 31. c7 Bd7 32. Qc4 Bc8 33. Qc6 Kg7 34. Ng3
Qxd4 35. Bf5 Qd5 36. Qxb6 Qb7 37. Qxa5 d5 38. Bxc8 Qxc8 39. Nf5+ Kf8 40. Qc5+
Kf7 41. Nxh6+ Kg6 42. Nf5 Ne8 43. Ne7+ {Time forfeit} 1-0

[Event "Rated Blitz tournament eUSQxEui"]
[Site "?"]
[Date "2021.06.24"]
[Round "?"]
[White "Donkey006"]
[Black "Michal32145"]
[Result "1-0"]
[ECO "C42"]
[WhiteElo "2587"]
[BlackElo "2256"]
[PlyCount "25"]
[EventDate "2021.??.??"]
[EventType "blitz"]
[TimeControl "180+2"]

1. e4 e5 2. Nf3 Nf6 3. Nxe5 d6 4. Nxf7 Kxf7 5. Bc4+ d5 6. exd5 Bd6 7. O-O Re8
8. Nc3 Nbd7 9. Bb3 Nc5 10. h3 Nxb3 11. axb3 Kg8 12. d4 Nxd5 13. Nxd5 {Normal}
1-0

[Event "Rated Blitz game"]
[Site "?"]
[Date "2021.06.24"]
[Round "?"]
[White "carlov1965"]
[Black "IDantesI"]
[Result "0-1"]
[ECO "C42"]
[WhiteElo "2421"]
[BlackElo "2392"]
[PlyCount "78"]
[EventDate "2021.??.??"]
[EventType "blitz"]
[TimeControl "180"]

1. e4 e5 2. Nf3 Nf6 3. Nxe5 d6 4. Nxf7 Kxf7 5. d4 c5 6. c3 cxd4 7. cxd4 Nc6 8.
Nc3 Be7 9. f4 Qa5 10. Bd3 Rf8 11. O-O Kg8 12. e5 dxe5 13. fxe5 Ng4 14. Rxf8+
Bxf8 15. Bc4+ Kh8 16. Qf3 Qd8 17. Ne2 Nxd4 18. Nxd4 Qxd4+ 19. Kh1 Nf2+ 20. Kg1
Bc5 21. Be3 Qxe3 22. Qxe3 Bxe3 23. Kf1 Bb6 24. e6 Bxe6 25. Bxe6 Rf8 26. Bd5
Nd3+ 27. Bf3 Ne5 28. Re1 Nxf3 29. gxf3 Rxf3+ 30. Kg2 Re3 31. Rd1 Re7 32. Rd6 h6
33. h4 Kh7 34. h5 Rc7 35. Kf3 Rc6 36. Rd7 Rc5 37. Rxb7 Rxh5 38. b4 Rf5+ 39. Ke4
Rb5 {Time forfeit} 0-1

[Event "Rated Blitz game"]
[Site "?"]
[Date "2021.06.24"]
[Round "?"]
[White "NurmagomedOmarov97"]
[Black "Osvetnik67"]
[Result "0-1"]
[ECO "C42"]
[WhiteElo "2444"]
[BlackElo "2445"]
[PlyCount "82"]
[EventDate "2021.??.??"]
[EventType "blitz"]
[TimeControl "180"]

1. e4 e5 2. Nf3 Nf6 3. Nxe5 d6 4. Nxf7 Kxf7 5. d4 g6 6. Bc4+ d5 7. exd5 Bd6 8.
O-O Kg7 9. Nc3 h6 10. f4 Bf5 11. Bd3 Qd7 12. Be3 Re8 13. Bf2 Bxd3 14. Qxd3 Qf5
15. Qb5 Nbd7 16. Qxb7 Rab8 17. Qxa7 Rxb2 18. Rab1 Qxc2 19. Rxb2 Qxb2 20. Nd1
Qb6 21. Qa4 Qb7 22. Ne3 Ra8 23. Qc2 Qa6 24. Nf5+ gxf5 25. Qxf5 Qxa2 26. Bh4
Qxd5 27. Qh3 Ra2 28. Qg3+ Kf8 29. Qg6 Qh5 30. Qg3 Qg4 31. Bxf6 Nxf6 32. Rb1
Qxg3 33. hxg3 Ne4 34. Kh2 Rd2 35. Rb8+ Kg7 36. Re8 Rxd4 37. Kh3 Nf6 38. Rd8 Rd1
39. Kh2 h5 40. Rc8 Ng4+ 41. Kh3 Rh1# {Normal} 0-1

[Event "Rated Blitz game"]
[Site "?"]
[Date "2021.06.24"]
[Round "?"]
[White "MuffinouBrownie"]
[Black "Voorzitter-HMC"]
[Result "0-1"]
[ECO "C42"]
[WhiteElo "2463"]
[BlackElo "2560"]
[PlyCount "120"]
[EventDate "2021.??.??"]
[EventType "blitz"]
[TimeControl "180"]

1. e4 e5 2. Nf3 Nf6 3. Nxe5 d6 4. Nxf7 Kxf7 5. d4 Nxe4 6. Qh5+ g6 7. Qd5+ Be6
8. Qxe4 Bg7 9. Bd3 Re8 10. O-O Nc6 11. Qf3+ Kg8 12. c3 Rf8 13. Qg3 Qd7 14. Na3
Rae8 15. Bd2 Ne7 16. Rae1 Nf5 17. Bxf5 Bxf5 18. Rxe8 Rxe8 19. Re1 Rxe1+ 20.
Bxe1 Qe6 21. Qe3 Qxa2 22. Qe2 Qe6 23. Qxe6+ Bxe6 24. f3 a6 25. Bg3 Bb3 26. Kf2
Bh6 27. f4 Kf7 28. Nb1 Ke6 29. Nd2 Bc2 30. Ke3 Kd5 31. c4+ Kc6 32. Bh4 b5 33.
g3 Bg7 34. Bd8 b4 35. Bg5 a5 36. b3 Kd7 37. Bh4 Ke6 38. g4 h5 39. h3 hxg4 40.
hxg4 Bd1 41. f5+ gxf5 42. gxf5+ Kxf5 43. Be1 Bh6+ 44. Kd3 Bxd2 45. Bxd2 Bxb3
46. c5 d5 47. Bh6 Bc4+ 48. Kc2 Ke4 49. Bg7 c6 50. Kb2 a4 51. Bf8 a3+ 52. Kb1 b3
53. Bh6 b2 54. Bd2 Bd3+ 55. Ka2 b1=Q+ 56. Kxa3 Qb5 57. Bb4 Bc4 58. Kb2 Qxb4+
59. Kc1 Qc3+ 60. Kd1 Bb3+ {Time forfeit} 0-1

[Event "Rated Blitz game"]
[Site "?"]
[Date "2021.06.23"]
[Round "?"]
[White "ahmetyasir"]
[Black "Wernad"]
[Result "1-0"]
[ECO "C42"]
[WhiteElo "2551"]
[BlackElo "2414"]
[PlyCount "71"]
[EventDate "2021.??.??"]
[EventType "blitz"]
[TimeControl "180+2"]

1. e4 e5 2. Nf3 Nf6 3. Nxe5 d6 4. Nxf7 Kxf7 5. Bc4+ d5 6. exd5 Bd6 7. O-O Re8
8. d3 Kg8 9. Bg5 Qe7 10. Nc3 Nbd7 11. Qd2 Qf7 12. Rfe1 Rxe1+ 13. Rxe1 Nf8 14.
Nb5 Ng6 15. Nxd6 cxd6 16. Qb4 h6 17. Bd2 Qc7 18. Bc3 a5 19. Qb3 Qf7 20. a4 Kh7
21. d4 Bf5 22. f3 Nf4 23. Bd2 Nxg2 24. Kxg2 Qg6+ 25. Kh1 Bxc2 26. Qc3 Rf8 27.
Qe3 Nh5 28. Bxa5 Nf4 29. Rg1 Qh5 30. Bc7 Rf6 31. Bxd6 Rxd6 32. Qxf4 Rf6 33. Qg4
Qf7 34. d6 Qf8 35. d7 Rd6 36. Be6 {Time forfeit} 1-0

[Event "Rated Blitz game"]
[Site "?"]
[Date "2021.06.23"]
[Round "?"]
[White "Proteuo"]
[Black "Voorzitter-HMC"]
[Result "0-1"]
[ECO "C42"]
[WhiteElo "2493"]
[BlackElo "2548"]
[PlyCount "84"]
[EventDate "2021.??.??"]
[EventType "blitz"]
[TimeControl "180"]

1. e4 e5 2. Nf3 Nf6 3. Nxe5 d6 4. Nxf7 Kxf7 5. Nc3 c5 6. Bc4+ d5 7. Nxd5 Be6 8.
Qf3 Nc6 9. Nxf6 Qxf6 10. Bxe6+ Kxe6 11. Qb3+ Kd6 12. O-O Kc7 13. c3 Bd6 14. d3
Bf4 15. Be3 Rad8 16. Rad1 Rhf8 17. d4 Bxe3 18. fxe3 Qg6 19. e5 Qg5 20. Rf7+
Rxf7 21. Qxf7+ Rd7 22. Qf3 Qg6 23. Rf1 Qe6 24. b3 b6 25. h3 Nd8 26. Qa8 Nc6 27.
Rf8 Rd8 28. Rxd8 Nxd8 29. Qxa7+ Nb7 30. Qa8 Qh6 31. Kf2 Qh4+ 32. Ke2 Qg5 33.
Kd3 Qf5+ 34. Kc4 Na5+ 35. Kb5 Qd7+ 36. Ka6 cxd4 37. Qa7+ Kc8 38. Qxd7+ Kxd7 39.
exd4 Nc6 40. Kxb6 Nd8 41. Kc5 Ne6+ 42. Kd5 Nc7+ {Time forfeit} 0-1

[Event "Rated Blitz tournament MZnimXsh"]
[Site "?"]
[Date "2021.06.23"]
[Round "?"]
[White "KevinPaveto"]
[Black "aenygma"]
[Result "1-0"]
[ECO "C42"]
[WhiteElo "2512"]
[BlackElo "2231"]
[PlyCount "41"]
[EventDate "2021.??.??"]
[EventType "blitz"]
[TimeControl "180+2"]

1. e4 e5 2. Nf3 Nf6 3. Nxe5 d6 4. Nxf7 Kxf7 5. d4 c5 6. dxc5 Nc6 7. Nc3 dxc5 8.
Bc4+ Be6 9. Bxe6+ Kxe6 10. Qe2 Nd4 11. Qc4+ Ke7 12. O-O Rc8 13. e5 Ne6 14.
exf6+ gxf6 15. Re1 Rc6 16. Be3 Kf7 17. Rad1 Qc8 18. Nd5 Bd6 19. Qh4 Be5 20.
Qh5+ Kg8 21. Ne7+ {Normal} 1-0

[Event "Rated Blitz game"]
[Site "?"]
[Date "2021.06.23"]
[Round "?"]
[White "Dmitry_Gritsenko"]
[Black "Hidroksipropil"]
[Result "0-1"]
[ECO "C42"]
[WhiteElo "2491"]
[BlackElo "2467"]
[PlyCount "100"]
[EventDate "2021.??.??"]
[EventType "blitz"]
[TimeControl "180"]

1. e4 e5 2. Nf3 Nf6 3. Nxe5 d6 4. Nxf7 Kxf7 5. d4 Be7 6. Nc3 c5 7. Bc4+ Ke8 8.
O-O cxd4 9. Qxd4 Nc6 10. Qe3 Rf8 11. Qg3 Nh5 12. Qe3 Ne5 13. Bb3 Bd7 14. h3 Bh4
15. f4 Ng3 16. Rd1 Ng6 17. f5 Ne5 18. Rxd6 Qc7 19. Qd4 Rd8 20. Bf4 Qxc3 21.
Qxc3 Ne2+ 22. Kh1 Nxc3 23. Bxe5 Nb5 24. Rd5 Bc6 25. Rxd8+ Kxd8 26. a4 Nc7 27.
Rd1+ Kc8 28. Bxg7 Rd8 29. Rxd8+ Kxd8 30. e5 Bd5 31. Bxd5 Nxd5 32. e6 Ke7 33.
Be5 Ne3 34. g4 Bf6 35. Bxf6+ Kxf6 36. Kg1 h5 37. Kf2 Nd5 38. gxh5 Kxf5 39. h6
Kg6 40. Kf3 Kxh6 41. Ke4 Ne7 42. Ke5 Kg6 43. h4 Nc6+ 44. Kd6 Kf6 45. h5 Ne7 46.
h6 Nf5+ 47. Kd7 Kg6 48. h7 Kxh7 49. e7 Ng7 50. e8=Q Nxe8 {Time forfeit} 0-1

[Event "Rated Blitz game"]
[Site "?"]
[Date "2021.06.22"]
[Round "?"]
[White "Chessibague"]
[Black "Fantastic_power06"]
[Result "1-0"]
[ECO "C42"]
[WhiteElo "2573"]
[BlackElo "2693"]
[PlyCount "66"]
[EventDate "2021.??.??"]
[EventType "blitz"]
[TimeControl "180"]

1. e4 e5 2. Nf3 Nf6 3. Nxe5 d6 4. Nxf7 Kxf7 5. Nc3 c5 6. Bc4+ d5 7. exd5 Bd6 8.
h3 Re8+ 9. Kf1 Nbd7 10. d3 Ne5 11. Bg5 Bf5 12. g4 Bg6 13. Kg2 h6 14. Bh4 a6 15.
a4 Nxc4 16. dxc4 Qc7 17. Qf3 Be5 18. Rae1 Kg8 19. Bg3 Bxg3 20. Qxg3 Qxg3+ 21.
Kxg3 Rxe1 22. Rxe1 Re8 23. Rxe8+ Nxe8 24. Kf4 Bxc2 25. Ke5 Kf7 26. d6 Nf6 27.
Nd5 Nxd5 28. Kxd5 Bxa4 29. Kxc5 Ke6 30. b4 g5 31. Kb6 Bb3 32. Kc7 Ba4 33. b5
Bxb5 {Normal} 1-0

[Event "Rated Blitz game"]
[Site "?"]
[Date "2021.06.22"]
[Round "?"]
[White "EinarHjalti"]
[Black "Kontradmiral"]
[Result "1-0"]
[ECO "C42"]
[WhiteElo "2523"]
[BlackElo "2366"]
[PlyCount "37"]
[EventDate "2021.??.??"]
[EventType "blitz"]
[TimeControl "180+2"]

1. e4 e5 2. Nf3 Nf6 3. Nxe5 d6 4. Nxf7 Kxf7 5. d4 c5 6. Nc3 cxd4 7. Bc4+ Be6 8.
Bxe6+ Kxe6 9. Qxd4 Nc6 10. Qc4+ Kd7 11. Bf4 Rc8 12. O-O-O Qe7 13. Rhe1 Qe6 14.
Qa4 Nh5 15. Bxd6 Bxd6 16. e5 Rhe8 17. Re3 Qh6 18. Rxd6+ Kc7 19. Rxh6 {Normal}
1-0

[Event "Rated Blitz game"]
[Site "?"]
[Date "2021.06.21"]
[Round "?"]
[White "mared2"]
[Black "owuboy"]
[Result "1-0"]
[ECO "C42"]
[WhiteElo "2399"]
[BlackElo "2411"]
[PlyCount "75"]
[EventDate "2021.??.??"]
[EventType "blitz"]
[TimeControl "180"]

1. e4 e5 2. Nf3 Nf6 3. Nxe5 d6 4. Nxf7 Kxf7 5. d4 Be7 6. Nc3 c6 7. f4 Re8 8. e5
dxe5 9. fxe5 Nd5 10. Bc4 Kg8 11. O-O Be6 12. Qf3 Na6 13. Bd2 Nab4 14. Bb3 Qd7
15. Ne4 Na6 16. c3 Rf8 17. Qh5 g6 18. Qh6 Rxf1+ 19. Rxf1 Rf8 20. Bg5 Rxf1+ 21.
Kxf1 Bxg5 22. Qxg5 Qf7+ 23. Kg1 Kg7 24. h4 Nac7 25. h5 Qf4 26. h6+ Kf7 27. Nd6+
Kg8 28. Qd8+ Qf8 29. Nxb7 Qxd8 30. Nxd8 Bd7 31. c4 Ne3 32. Kf2 Nf5 33. d5 cxd5
34. cxd5 Nxh6 35. d6+ Ne6 36. Nxe6 Bxe6 37. Bxe6+ Kg7 38. d7 {Normal} 1-0

[Event "Rated Blitz game"]
[Site "?"]
[Date "2021.06.21"]
[Round "?"]
[White "Sherlock90"]
[Black "F96485"]
[Result "1-0"]
[ECO "C42"]
[WhiteElo "2410"]
[BlackElo "2378"]
[PlyCount "41"]
[EventDate "2021.??.??"]
[EventType "blitz"]
[TimeControl "180"]

1. e4 e5 2. Nf3 Nf6 3. Nxe5 d6 4. Nxf7 Kxf7 5. Bc4+ Be6 6. Bxe6+ Kxe6 7. O-O
Kf7 8. Nc3 Be7 9. d4 Rf8 10. f4 Kg8 11. Be3 Nbd7 12. e5 dxe5 13. dxe5 Ne8 14.
Qd5+ Kh8 15. Rad1 Nb6 16. Qxb7 Qc8 17. Qe4 Rb8 18. f5 Qb7 19. Qg4 Nc4 20. Qxc4
Qxb2 21. Rb1 {Normal} 1-0

[Event "Rated Blitz tournament X84F9uhy"]
[Site "?"]
[Date "2021.06.20"]
[Round "?"]
[White "Shakh_S"]
[Black "pasan0"]
[Result "0-1"]
[ECO "C42"]
[WhiteElo "2544"]
[BlackElo "2387"]
[PlyCount "58"]
[EventDate "2021.??.??"]
[EventType "blitz"]
[TimeControl "180"]

1. e4 e5 2. Nf3 Nf6 3. Nxe5 d6 4. Nxf7 Kxf7 5. d4 c6 6. Nc3 Be7 7. f4 Rf8 8. e5
Nd5 9. Bd3 g6 10. Ne4 Bf5 11. O-O Na6 12. c3 Nac7 13. g4 Bxe4 14. Bxe4 Kg8 15.
Bd2 dxe5 16. dxe5 Bc5+ 17. Kh1 Ne3 18. Qb3+ Kh8 19. Bxe3 Bxe3 20. Qxb7 Rb8 21.
Qxc6 Rxb2 22. Rad1 Qh4 23. Bg2 Bxf4 24. Rxf4 Rxf4 25. Qxc7 Qf2 26. Qc6 Rd2 27.
Rb1 Rd8 28. e6 Qe2 29. Qc7 Rd1+ {Normal} 0-1

[Event "Rated Blitz game"]
[Site "?"]
[Date "2021.06.20"]
[Round "?"]
[White "DiagonaleTV"]
[Black "GCamachoMartinez"]
[Result "0-1"]
[ECO "C42"]
[WhiteElo "2403"]
[BlackElo "2525"]
[PlyCount "36"]
[EventDate "2021.??.??"]
[EventType "blitz"]
[TimeControl "180+2"]

1. e4 e5 2. Nf3 Nf6 3. Nxe5 d6 4. Nxf7 Kxf7 5. d4 c5 6. dxc5 Be6 7. cxd6 Nc6 8.
Bd3 Bxd6 9. O-O Re8 10. f4 Kg8 11. e5 Bc5+ 12. Kh1 Ng4 13. Qf3 Qh4 14. h3 Nd4
15. Qe4 Nf5 16. Rf3 Nf2+ 17. Rxf2 Ng3+ 18. Kh2 Nxe4 {Normal} 0-1

[Event "Rated Blitz tournament McOSEO5U"]
[Site "?"]
[Date "2021.06.20"]
[Round "?"]
[White "HpRmDrNsT"]
[Black "SuperDonald"]
[Result "1-0"]
[ECO "C42"]
[WhiteElo "2315"]
[BlackElo "2449"]
[PlyCount "29"]
[EventDate "2021.??.??"]
[EventType "blitz"]
[TimeControl "300"]

1. e4 e5 2. Nf3 Nf6 3. Nxe5 d6 4. Nxf7 Kxf7 5. d4 c5 6. dxc5 d5 7. Nc3 Bxc5 8.
e5 Ne4 9. Nxe4 dxe4 10. Bc4+ Ke8 11. Qe2 Nc6 12. O-O Nd4 13. Qxe4 Bf5 14. Qxb7
Rb8 15. Qf7# {Normal} 1-0

[Event "Rated Blitz game"]
[Site "?"]
[Date "2021.06.20"]
[Round "?"]
[White "Biciclis"]
[Black "adnansendur"]
[Result "1-0"]
[ECO "C42"]
[WhiteElo "2434"]
[BlackElo "2438"]
[PlyCount "33"]
[EventDate "2021.??.??"]
[EventType "blitz"]
[TimeControl "180"]

1. e4 e5 2. Nf3 Nf6 3. Nxe5 d6 4. Nxf7 Kxf7 5. d4 Qe8 6. Bd3 c5 7. c3 cxd4 8.
cxd4 Nc6 9. Nc3 Nxd4 10. Bc4+ Ne6 11. O-O Be7 12. Be3 a6 13. f4 Kf8 14. e5 Nd7
15. Bxe6 Nc5 16. Bxc8 Qxc8 17. Nd5 {Normal} 1-0

[Event "Rated Blitz game"]
[Site "?"]
[Date "2021.06.18"]
[Round "?"]
[White "MuffinouBrownie"]
[Black "Huljuttelija"]
[Result "0-1"]
[ECO "C42"]
[WhiteElo "2461"]
[BlackElo "2493"]
[PlyCount "150"]
[EventDate "2021.??.??"]
[EventType "blitz"]
[TimeControl "180"]

1. e4 e5 2. Nf3 Nf6 3. Nxe5 d6 4. Nxf7 Kxf7 5. d4 c5 6. dxc5 d5 7. e5 Ne4 8.
Bd3 Bxc5 9. Bxe4 dxe4 10. Qh5+ g6 11. Qe2 Kg7 12. Qxe4 Nc6 13. O-O Bf5 14. Qc4
Bb6 15. Bf4 Qd4 16. Qxd4 Nxd4 17. Bg3 Nxc2 18. Nc3 Nxa1 19. Rxa1 Rad8 20. h3
Rhe8 21. Re1 Rd2 22. Na4 Bd7 23. Nxb6 axb6 24. a3 Be6 25. b4 Rc8 26. Bf4 Rd3
27. a4 Rd4 28. g3 Rxb4 29. h4 Rxa4 30. Rb1 Ra6 31. Be3 Rca8 32. Kh2 Bc4 33.
Bxb6 Ra1 34. Rb4 R8a4 35. Rb2 R1a2 36. Rb1 Bd5 37. Rd1 Bc6 38. e6 Re2 39. Rd6
Kf6 40. Bd8+ Kg7 41. Bb6 Rae4 42. Rd3 Rxe6 43. g4 Kf7 44. Kg3 h5 45. g5 R2e4
46. Rf3+ Ke8 47. Rd3 Rg4+ 48. Kh2 Re1 49. f3 Rb4 50. Kg3 Rxb6 51. Kf2 Rbb1 52.
Re3+ Rxe3 53. Kxe3 Rb3+ 54. Kf4 Rb4+ 55. Kg3 Kf7 56. Kh2 Rb5 57. f4 Rf5 58. Kg3
b5 59. Kh2 b4 60. Kg3 b3 61. Kh2 Rxf4 62. Kg3 Rg4+ 63. Kh2 Rxh4+ 64. Kg3 Rg4+
65. Kf2 Rxg5 66. Ke3 Rf5 67. Kd4 b2 68. Ke3 h4 69. Kd4 h3 70. Ke3 h2 71. Kd4
Rf4+ 72. Ke3 Rf3+ 73. Kd2 b1=Q 74. Ke2 Qd3+ 75. Ke1 Rf1# {Normal} 0-1

[Event "Rated Blitz game"]
[Site "?"]
[Date "2021.06.18"]
[Round "?"]
[White "Salvaged_Dirt"]
[Black "d-pawn"]
[Result "0-1"]
[ECO "C42"]
[WhiteElo "2529"]
[BlackElo "2521"]
[PlyCount "28"]
[EventDate "2021.??.??"]
[EventType "blitz"]
[TimeControl "180"]

1. e4 e5 2. Nf3 Nf6 3. Nxe5 d6 4. Nxf7 Kxf7 5. d4 c5 6. Nc3 cxd4 7. Qxd4 Be6 8.
Bc4 Qc8 9. Bb3 Nc6 10. Qa4 Bxb3 11. axb3 Be7 12. O-O Rf8 13. Qc4+ Qe6 14. Nd5
Qxe4 {Normal} 0-1

[Event "Rated Blitz game"]
[Site "?"]
[Date "2021.06.17"]
[Round "?"]
[White "harunov"]
[Black "SNOEBE"]
[Result "0-1"]
[ECO "C42"]
[WhiteElo "2419"]
[BlackElo "2477"]
[PlyCount "48"]
[EventDate "2021.??.??"]
[EventType "blitz"]
[TimeControl "180"]

1. e4 e5 2. Nf3 Nf6 3. Nxe5 d6 4. Nxf7 Kxf7 5. Bc4+ Be6 6. Bxe6+ Kxe6 7. O-O
Kf7 8. d4 Nbd7 9. c4 c5 10. e5 dxe5 11. d5 Bd6 12. Nc3 a6 13. Bg5 h6 14. Bh4
Qc7 15. Qf3 Rhf8 16. Qf5 Kg8 17. Qe6+ Kh8 18. Rae1 Rae8 19. Qh3 Qa5 20. Re3 b5
21. Rg3 b4 22. Ne2 Qxa2 23. b3 Qxe2 24. Qe6 Rxe6 {Normal} 0-1

[Event "Rated Blitz game"]
[Site "?"]
[Date "2021.06.17"]
[Round "?"]
[White "Biciclis"]
[Black "adnansendur"]
[Result "0-1"]
[ECO "C42"]
[WhiteElo "2433"]
[BlackElo "2441"]
[PlyCount "62"]
[EventDate "2021.??.??"]
[EventType "blitz"]
[TimeControl "180"]

1. e4 e5 2. Nf3 Nf6 3. Nxe5 d6 4. Nxf7 Kxf7 5. d4 Qe8 6. Bd3 c5 7. c3 cxd4 8.
cxd4 Nc6 9. O-O Nxd4 10. Nc3 Nc6 11. f4 g6 12. Kh1 Bg7 13. Qb3+ Be6 14. Qxb7+
Qd7 15. Ba6 Rab8 16. Qxd7+ Bxd7 17. Bd3 Rhe8 18. h3 Kg8 19. Rf2 Nb4 20. Bb1 Bc6
21. a3 Na6 22. Bd3 Nc5 23. Bc4+ Kh8 24. e5 dxe5 25. fxe5 Nfe4 26. Rf7 Nxc3 27.
bxc3 Bxe5 28. Bh6 Ne4 29. Rd1 Ng3+ 30. Kg1 Nf5 31. Bg5 Bxc3 {Time forfeit} 0-1

[Event "Rated Blitz game"]
[Site "?"]
[Date "2021.06.17"]
[Round "?"]
[White "Schach_du_Nase"]
[Black "SNOEBE"]
[Result "0-1"]
[ECO "C42"]
[WhiteElo "2493"]
[BlackElo "2493"]
[PlyCount "53"]
[EventDate "2021.??.??"]
[EventType "blitz"]
[TimeControl "180"]

1. e4 e5 2. Nf3 Nf6 3. Nxe5 d6 4. Nxf7 Kxf7 5. d4 Qe8 6. Nc3 c5 7. Be3 cxd4 8.
Qxd4 Nc6 9. Qa4 g6 10. O-O-O Kg7 11. f3 Bd7 12. h4 a6 13. g4 b5 14. Qb3 Be6 15.
Nd5 Bxd5 16. exd5 Ne5 17. Bd4 h6 18. Rg1 Kh7 19. g5 hxg5 20. hxg5 Nh5 21. Rh1
Bg7 22. Bh3 Rf8 23. Bg4 Qf7 24. Rh3 Nxg4 25. fxg4 Qf4+ 26. Kb1 Qxg4 27. Rhd3 {
Normal} 0-1

[Event "Rated Blitz game"]
[Site "?"]
[Date "2021.06.17"]
[Round "?"]
[White "Chessibague"]
[Black "sabke"]
[Result "0-1"]
[ECO "C42"]
[WhiteElo "2558"]
[BlackElo "2590"]
[PlyCount "84"]
[EventDate "2021.??.??"]
[EventType "blitz"]
[TimeControl "180"]

1. e4 e5 2. Nf3 Nf6 3. Nxe5 d6 4. Nxf7 Kxf7 5. Nc3 c5 6. Bc4+ Be6 7. Qe2 Qd7 8.
O-O Nc6 9. f4 Nd4 10. Qd3 Bxc4 11. Qxc4+ Qe6 12. Qd3 Be7 13. b4 Rhd8 14. b5 Kg8
15. Bb2 a6 16. b6 d5 17. e5 Nh5 18. Rae1 g6 19. Nd1 Qxb6 20. g4 Ng7 21. Bxd4
cxd4 22. f5 Bh4 23. Re2 Qb5 24. Qf3 Rf8 25. Rg2 d3 26. Nc3 Qc5+ 27. Kh1 dxc2
28. Rgg1 Rad8 29. Ne2 Bg5 30. d4 Qc4 31. h4 c1=Q 32. Nxc1 Bxc1 33. Rxc1 Qxd4
34. e6 Nxe6 35. Rge1 Nc5 36. Rcd1 Qf6 37. Rxd5 b6 38. g5 Qf7 39. Red1 Rxd5 40.
Rxd5 gxf5 41. h5 Ne4 42. Rd6 Nxd6 {Normal} 0-1

[Event "Rated Blitz game"]
[Site "?"]
[Date "2021.06.17"]
[Round "?"]
[White "Salvaged_Dirt"]
[Black "SNOEBE"]
[Result "1-0"]
[ECO "C42"]
[WhiteElo "2530"]
[BlackElo "2491"]
[PlyCount "74"]
[EventDate "2021.??.??"]
[EventType "blitz"]
[TimeControl "180"]

1. e4 e5 2. Nf3 Nf6 3. Nxe5 d6 4. Nxf7 Kxf7 5. d4 Qe8 6. f3 c5 7. Nc3 Nc6 8.
Be3 cxd4 9. Bxd4 Nxd4 10. Qxd4 Qe5 11. Bc4+ Be6 12. Bxe6+ Kxe6 13. Qa4 Kf7 14.
O-O-O Be7 15. Rhf1 Rhc8 16. f4 Qc5 17. e5 dxe5 18. fxe5 Qxe5 19. Rde1 Qc5 20.
Qb3+ Kf8 21. g4 Rab8 22. h4 h6 23. Rf5 Qd4 24. g5 hxg5 25. hxg5 Qg4 26. gxf6
Qxf5 27. fxe7+ Ke8 28. Qg8+ Kd7 29. Rd1+ Kc6 30. Qc4+ Qc5 31. Rd6+ Kxd6 32.
Ne4+ Kxe7 33. Nxc5 Rc6 34. Qe4+ Kd8 35. Nxb7+ Kc7 36. Na5 Rcb6 37. Qe5+ Kd7 {
Normal} 1-0

[Event "Rated Blitz game"]
[Site "?"]
[Date "2021.06.17"]
[Round "?"]
[White "CarlsenCamacho"]
[Black "al41ex"]
[Result "0-1"]
[ECO "C42"]
[WhiteElo "2357"]
[BlackElo "2478"]
[PlyCount "46"]
[EventDate "2021.??.??"]
[EventType "blitz"]
[TimeControl "180+2"]

1. e4 e5 2. Nf3 Nf6 3. Nxe5 d6 4. Nxf7 Kxf7 5. Nc3 d5 6. e5 d4 7. exf6 dxc3 8.
Bc4+ Be6 9. Bxe6+ Kxe6 10. O-O Nc6 11. Qg4+ Kf7 12. dxc3 Qc8 13. Qc4+ Qe6 14.
Qb5 Bd6 15. fxg7 Kxg7 16. Be3 Qe5 17. Qxe5+ Nxe5 18. Rfe1 Kg6 19. Bd4 Rhe8 20.
Rad1 Nf7 21. Rxe8 Rxe8 22. Bxa7 b6 23. a4 Ra8 {Normal} 0-1

[Event "Rated Blitz game"]
[Site "?"]
[Date "2021.06.17"]
[Round "?"]
[White "bojdulko"]
[Black "di_mochalov"]
[Result "0-1"]
[ECO "C42"]
[WhiteElo "2384"]
[BlackElo "2500"]
[PlyCount "46"]
[EventDate "2021.??.??"]
[EventType "blitz"]
[TimeControl "180"]

1. e4 e5 2. Nf3 Nf6 3. Nxe5 d6 4. Nxf7 Kxf7 5. Bc4+ Be6 6. Bxe6+ Kxe6 7. O-O
Nc6 8. d4 Kf7 9. Nc3 Be7 10. f4 d5 11. e5 Ne4 12. f5 Rf8 13. Nxe4 dxe4 14. c3
Qd5 15. Qg4 Nxe5 16. dxe5 Qxe5 17. Bf4 Qc5+ 18. Kh1 Kg8 19. Rad1 Qxf5 20. Qg3
c6 21. Rf2 Bc5 22. Be3 Qh5 23. Bxc5 Qxd1+ {Normal} 0-1

[Event "Rated Blitz game"]
[Site "?"]
[Date "2021.06.16"]
[Round "?"]
[White "mared2"]
[Black "Prayer791"]
[Result "0-1"]
[ECO "C42"]
[WhiteElo "2405"]
[BlackElo "2554"]
[PlyCount "62"]
[EventDate "2021.??.??"]
[EventType "blitz"]
[TimeControl "180"]

1. e4 e5 2. Nf3 Nf6 3. Nxe5 d6 4. Nxf7 Kxf7 5. d4 Be6 6. Nc3 g6 7. f4 Bg7 8. e5
Nh5 9. Be3 Re8 10. Be2 Qh4+ 11. g3 Nxg3 12. Bf2 Qxf4 13. hxg3 Qg5 14. Rxh7 Kg8
15. Rh1 dxe5 16. d5 Bf5 17. g4 Bc8 18. Qd3 e4 19. Qb5 Nd7 20. Qc4 Nb6 21. Qb3
Bd7 22. d6+ Be6 23. Qb4 cxd6 24. Nxe4 Qe5 25. O-O-O a5 26. Qxb6 Qxe4 27. Bd3
Qe5 28. c3 Rac8 29. Bc2 Rc6 30. Qe3 Bxg4 31. Qd3 Bf5 {Time forfeit} 0-1

[Event "Rated Blitz game"]
[Site "?"]
[Date "2021.06.16"]
[Round "?"]
[White "Proteuo"]
[Black "RH1990"]
[Result "0-1"]
[ECO "C42"]
[WhiteElo "2446"]
[BlackElo "2522"]
[PlyCount "38"]
[EventDate "2021.??.??"]
[EventType "blitz"]
[TimeControl "180"]

1. e4 e5 2. Nf3 Nf6 3. Nxe5 d6 4. Nxf7 Kxf7 5. Nc3 d5 6. e5 Ne4 7. Qh5+ g6 8.
Qf3+ Kg7 9. Nxe4 dxe4 10. Qxe4 Nc6 11. b3 Bf5 12. Qe3 Qd4 13. Qc3 Bb4 14. Qxd4
Nxd4 15. Bb2 Nxc2+ 16. Kd1 Nxa1 17. Bxa1 Rhd8 18. d4 c5 19. Bc4 cxd4 {Normal}
0-1